 Dungeon Crawl Stone Soup version 0.28.0-43-g3370ac3207 (webtiles) character file.

Game seed: 4893632472545446362

399 safid the Cleaver (level 6, 0/52 HPs)
             Began as a Hill Orc Fighter on Mar 17, 2022.
             Slain by a scorpion (4 damage)
             ... on level 4 of the Dungeon.
             The game lasted 00:03:21 (3488 turns).

safid the Cleaver (Hill Orc Fighter)                Turns: 3488, Time: 00:03:22

Health: 0/52       AC:  7    Str: 21    XL:     6   Next: 84%
Magic:  6/6        EV:  9    Int:  8    God:
Gold:   139        SH:  4    Dex: 10    Spells: 5/5 levels left

rFire   . . .      SeeInvis .   a - +0 war axe
rCold   . . .      Faith    .   c - +0 buckler
rNeg    . . .      Spirit   .   b - +0 scale mail
rPois   .          Reflect  .   (no helmet)
rElec   .          Harm     .   (no cloak)
rCorr   .          Rampage  .   (no gloves)
Will    .....                   (no boots)
Stlth   ..........              (no amulet)
HPRegen 0.17/turn               (no ring)
MPRegen 0.10/turn               (no ring)

@: lethally poisoned (0 -> -6), hasted, very quick
A: no striking features
a: no special abilities


You were on level 4 of the Dungeon.
You visited 1 branch of the dungeon, and saw 4 of its levels.

You collected 139 gold pieces.

Inventory:

Hand Weapons
 a - a +0 war axe (weapon)
Armour
 b - a +0 scale mail (worn)
 c - a +0 buckler (worn)
Jewellery
 f - an amulet of guardian spirit
Wands
 l - a wand of digging (8)
 o - a wand of iceblast (13)
Scrolls
 e - 2 scrolls of vulnerability {unknown}
 g - a scroll of teleportation {unknown}
 h - 3 scrolls of identify {unknown}
 j - a scroll of enchant weapon {unknown}
 k - a scroll of immolation {unknown}
 m - a scroll of blinking {unknown}
 n - a scroll of holy word {unknown}
Potions
 d - a potion of might


   Skills:
 - Level 4.0 Fighting
 + Level 8.3 Axes
 - Level 4.0 Armour
 - Level 4.0 Shields


You had 5 spell levels left.
You didn't know any spells.
Your spell library was empty.

Dungeon Overview and Level Annotations

Branches:
Dungeon (4/15)
 Temple: D:4-7

Altars:

Shops:
D:3 =

Annotations:
D:3 2 runed translucent doors, fknight's ghost, amateur GrBe


Message History

You are too injured to fight recklessly!
You are too injured to fight recklessly!
You are too injured to fight recklessly!
You are too injured to fight recklessly!
You are too injured to fight recklessly!
You are too injured to fight recklessly!
You are too injured to fight recklessly!
You are too injured to fight recklessly!
You hit the scorpion.
The scorpion is severely wounded.
You feel very sick. The scorpion misses you.
You hit the scorpion.
The scorpion is almost dead.
You feel sick. The scorpion misses you. The scorpion stings you.
You barely miss the scorpion.
The scorpion is almost dead.
You feel sick. You block the scorpion's attack.
You closely miss the scorpion.
The scorpion is almost dead.
You feel sick. The scorpion stings you.
* * * LOW HITPOINT WARNING * * *
Unknown command.
You barely miss the scorpion.
The scorpion is almost dead.
You feel sick.
The scorpion stings you but does no damage.
The scorpion stings you.
* * * LOW HITPOINT WARNING * * *
You are lethally poisoned!
The scorpion poisons you!
It was a potion of haste.
You feel yourself speed up.
* * * LOW HITPOINT WARNING * * *
You feel very sick. You block the scorpion's attack.
You hit the scorpion but do no damage.
The scorpion is almost dead.
* * * LOW HITPOINT WARNING * * *
You feel sick. The scorpion stings you.
You die...

##.....#####.
#.................
#######............#.###
.........#..>.........##
........##..............
#........#.......##.....
##................†.#..#
#.......#..........#####
......s@#...........#
..##.......#..#.....#
#.......#####..#.###
##......###...##...#
#........##..#.....##
......#.###..####..##
(.....#.. #...##...#
.........##.......##
...#....##........##


You could see a scorpion.

Vanquished Creatures
  A necrophage (D:3)
  A scorpion (D:4)
  A centaur zombie (D:3)
  2 bullfrog skeletons
  A hound (D:2)
  A gnoll (D:1)
  5 adders
  A white imp (D:4)
  An adder skeleton (D:4)
  2 dart slugs
  3 orcs (D:3)
  7 ball pythons
  A bat (D:1)
  4 endoplasms
  5 giant cockroaches
  7 goblins
  4 hobgoblins
  2 quokkas (D:1)
  5 frilled lizards
  10 kobolds
  5 rats
69 creatures vanquished.

Vanquished Creatures (others)
  4 fungi (D:3)
4 creatures vanquished.

Grand Total: 73 creatures vanquished

Notes
Turn   | Place    | Note
-------+----------+-------------------------------------------
     0 | D:1      | safid the Hill Orc Fighter began the quest for the Orb.
     0 | D:1      | Reached XP level 1. HP: 19/19 MP: 1/1
   144 | D:1      | Reached skill level 3 in Axes
   144 | D:1      | Reached XP level 2. HP: 27/27 MP: 2/2
   324 | D:1      | Reached XP level 3. HP: 29/33 MP: 3/3
  1317 | D:2      | Reached XP level 4. HP: 30/40 MP: 4/4
  1532 | D:2      | Reached skill level 4 in Axes
  1999 | D:3      | Reached skill level 5 in Axes
  1999 | D:3      | Reached XP level 5. HP: 40/46 MP: 5/5
  2102 | D:3      | Reached skill level 6 in Axes
  2721 | D:3      | Noticed a necrophage
  2730 | D:3      | Killed a necrophage
  2731 | D:3      | Reached skill level 7 in Axes
  2731 | D:3      | Reached XP level 6. HP: 47/52 MP: 6/6
  2765 | D:3      | Found a faded altar of an unknown god.
  2820 | D:3      | Found a large runed translucent door.
  2820 | D:3      | Found a large runed translucent door.
  2823 | D:3      | Noticed fknight's ghost (amateur GrBe)
  3059 | D:3      | Found Woseykum's Jewellery Boutique.
  3280 | D:4      | Reached skill level 8 in Axes
  3488 | D:4      | Slain by a scorpion

Illustrated notes

Levels and vault maps discovered:
D:1:      minmay_arrival_hallway, layout_rooms
D:2:      layout_basic, chequers_jeans
D:3:      layout_basic, ebering_ghost_disaster_area, serial_shops, shop,
          serial_corexii_hall, chequers_hall_statues_wall_a,
          corexii_hall_statues_i, corexii_hall_statues_s,
          corexii_hall_statues_deadend, shapermc_ecumenical_altar_acropolis
D:4:      layout_cave_pools, lemuel_tele_altar, mainiacjoe_overflow_alcove_3,
          minmay_fire_ice_demons

Skill      XL: |  1  2  3  4  5  6 |
---------------+-------------------+-----
Axes           | 3 5 7 8 |  8.3
Fighting       | 4 |  4.0
Armour         | 4 |  4.0
Shields        | 4 |  4.0

Action                   |  1- 3 |  4- 6 || total
-------------------------+-------+-------++-------
Melee: War axe           |    96 |   115 ||   211
  Use: Potion            |       |     1 ||     1
Armor: Scale mail        |    42 |    57 ||    99
Dodge: Dodged            |    50 |    46 ||    96
Block: Buckler           |    24 |    30 ||    54
